 Dungeon Crawl Stone Soup version 0.21.1-1-g345015f (webtiles) character file.

64 Mgcat the Ruffian (level 3, 0/33 HPs)
             Began as a Troll Transmuter on Feb 6, 2018.
             Succumbed to an orc wizard's poison
             ... on level 2 of the Dungeon.
             The game lasted 00:03:25 (1703 turns).

Mgcat the Ruffian (Troll Transmuter)                Turns: 1703, Time: 00:03:25

Health: 0/33       AC:  7    Str: 23    XL:     3   Next: 91%
Magic:  4/4        EV: 10    Int: 10    God:
Gold:   53         SH:  0    Dex: 10    Spells: 2/5 levels left

rFire    . . .     SeeInvis .     - Unarmed
rCold    . . .     Gourm    +   (no shield)
rNeg     . . .     Faith    .   b - +0 robe
rPois    +         Spirit   .   (helmet restricted)
rElec    .         Reflect  .   (no cloak)
rCorr    .         Harm     .   (gloves unavailable)
MR       .....     Rnd*Tele +   (boots unavailable)
Stlth    +.........             (no amulet)
HPRegen  0.51/turn              f - ring of teleportation (curse) {+/*tele, !d}
MPRegen  0.09/turn              (no ring)

@: confused, mighty, lethally poisoned (0 -> -19)
A: large, unfitting armour, claws 3, yellow scales 1, deterioration 1, fast
metabolism 3, gourmand, poison resistance, regeneration 1, shaggy fur 1, tough
skin 2
a: no special abilities


You were on level 2 of the Dungeon.
You were not hungry.

You visited 1 branch of the dungeon, and saw 3 of its levels.

You collected 53 gold pieces.

Inventory:

Missiles
 a - 51 arrows
Armour
 b - a +0 robe (worn)
Jewellery
 f - a cursed ring of teleportation (left claw) {+/*tele, !d}
   (You found it on level 1 of the Dungeon)
Scrolls
 e - 3 scrolls of teleportation {unknown}
 g - 3 scrolls of fog {unknown}
 k - 2 scrolls of remove curse {unknown}
 n - a scroll of immolation {unknown}
 o - a scroll of identify {unknown}
Potions
 h - a potion of might
 j - 2 potions of curing {unknown}
 l - a potion of berserk rage {unknown}
 m - a potion of haste {unknown}
Books
 c - a book of Changes
Comestibles
 d - 7 rations


   Skills:
 + Level 1.5 Fighting
 - Level 1.5 Dodging
 + Level 3.5 Unarmed Combat
 + Level 1.6 Spellcasting
 + Level 2.0 Transmutations


You had 2 spell levels left.
You knew the following spells:

 Your Spells              Type           Power        Failure   Level  Hunger
a - Beastly Appendage     Tmut           #.....       14%         1    ##.....
b - Sticks to Snakes      Tmut           #.......     22%         2    ###....


Dungeon Overview and Level Annotations

Branches:
Dungeon (3/15)

Altars:
Okawaru


Innate Abilities, Weirdness & Mutations

You are too large for most types of armour.
You have claws for hands.
Your metabolism is lightning-fast.
You like to eat raw meat.
Your natural rate of healing is unusually fast.
You are covered in fur. (AC +1)
You have very tough skin. (AC +2)
You are partially covered in yellow scales. (AC +2)
Your body sometimes deteriorates upon taking damage.
Your system is resistant to poisons. (rPois)


Message History

There is an open door here.
A giant cockroach is nearby!
You barely miss the giant cockroach.
The giant cockroach bites you but does no damage.
You claw the giant cockroach!
You kill the giant cockroach!
Your Transmutations skill increases to level 2!
No target in view!
No target in view!
You now have 53 gold pieces (gained 3).
Found a stone staircase leading up.
There is an open door here.
You open the door.
There is an open door here.
There is a stone staircase leading down here.
Done exploring.
Done exploring.
No target in view!
Done exploring.
No target in view!
Done exploring.
No target in view!
(D) Dungeon
Where to? (? - help)
What level of the Dungeon? (default 1, ? - help)
There is a stone staircase leading down here.
You climb downwards.
A hobgoblin and 2 orcs come into view.
The orc shouts!
You hear a shout! x2; The hobgoblin shouts!
There is a stone staircase leading up here.
You hear a shout! x2
A giant cockroach comes into view.
You barely miss the hobgoblin.
The hobgoblin hits you but does no damage.
You scratch the hobgoblin.
The hobgoblin is almost dead.
You closely miss the hobgoblin.
The hobgoblin is almost dead.
The hobgoblin closely misses you. The orc hits you but does no damage.
An orc wizard comes into view. It is wielding a dagger of venom.
You scratch the hobgoblin.
You kill the hobgoblin!
You barely miss the orc. The orc hits you but does no damage.
You claw the orc!
You kill the orc!
The orc wizard points at you and mumbles some strange words.
The puff of flame hits you!
The giant cockroach bites you but does no damage.
You claw the giant cockroach!
You kill the giant cockroach!
A goblin and an orc come into view.
The orc wizard casts a spell.
The orc wizard flickers and vanishes!
Deactivating autopickup; reactivate with Ctrl-A.
An orc comes into view. It is wielding a falchion.
You claw the orc!
You kill the orc!
You closely miss something.
You hear some strange, mumbled words.
A magic dart appears from out of thin air!
The magic dart hits you! The orc hits you with a mace.
Something hits you but does no damage.
You climb upwards.
There is a stone staircase leading down here.
You completely miss the orc. Something hits you.
The orc hits you but does no damage.
You scratch the orc but do no damage. Something hits you but does no damage.
The orc barely misses you.
You barely miss the orc. Something hits you.
You are poisoned.
You claw the orc!
You kill the orc!
You feel sick. Something hits you but does no damage.
You are more poisoned.
It was a potion of might.
You feel very mighty all of a sudden.
You feel sick. Something hits you.
* * * LOW HITPOINT WARNING * * *
You are lethally poisoned!
You claw something!
* * * LOW HITPOINT WARNING * * *
You feel sick. Something hits you but does no damage.
You closely miss something.
* * * LOW HITPOINT WARNING * * *
You feel sick.
You hear some strange, mumbled words.
You are confused.
You completely miss something.
* * * LOW HITPOINT WARNING * * *
You feel sick.
You closely miss something.
* * * LOW HITPOINT WARNING * * *
You feel sick. Something hits you.
* * * LOW HITPOINT WARNING * * *
You are more poisoned.
It was a potion of mutation.
You feel extremely strange.
You feel yourself wasting away.
Yellow scales grow over part of your body.
You feel resistant to poisons.
You die...

......###.#.#.###.#########..#
..........#'#.# #.# #..#
#+######......# #.# #..# #.#
#......# #.# #..# #.# #......#
#.# #..# #.# #......# #.# #..#
#.######......###.# #######..#
...............##{# #........#
...............)@.# #.######.#
#.######.....#....###.# #.# ...#
#............#.# #.# ...#
#..........#.#.# #.####
...#####.....##.#...#.######.#...
.+.........+.....................
#.#..######......#..#.######...#.
#.#.................#.# #####.
#.#.................#.# #.


There were no monsters in sight!

Vanquished Creatures
  A shadow imp (D:2)
  An ooze (D:2)
  2 worms (D:2)
  A leopard gecko (D:2)
  3 orcs
  3 giant cockroaches
  5 goblins
  6 hobgoblins
  A jackal (D:2)
  A quokka (D:2)
  A ball python (D:1)
  3 frilled lizards (D:2)
  7 kobolds
  4 rats
39 creatures vanquished.

Notes
Turn   | Place    | Note
-------+----------+-------------------------------------------
     0 | D:1      | Mgcat the Troll Transmuter began the quest for the Orb.
     0 | D:1      | Reached XP level 1. HP: 18/18 MP: 1/1
     0 | D:1      | Noticed a ghoul
     0 | D:1      | Noticed an ogre
     0 | D:1      | Noticed a human
     1 | D:1      | Noticed an ogre
     3 | D:1      | Noticed a naga
     5 | D:1      | Noticed a draconian
     6 | D:1      | Noticed a dwarf
     8 | D:1      | Noticed a naga
    10 | D:1      | Noticed a vine stalker
    12 | D:1      | Noticed a centaur
    13 | D:1      | Noticed a vine stalker
    16 | D:1      | Noticed a naga
    18 | D:1      | Noticed an octopode
    18 | D:1      | Noticed a spriggan
    20 | D:1      | Noticed a formicid
   190 | D:1      | Reached skill level 1 in Fighting
   294 | D:1      | Reached XP level 2. HP: 23/27 MP: 3/3
   330 | D:1      | Learned a level 2 spell: Sticks to Snakes
   430 | D:1      | Found an iron altar of Okawaru.
   874 | D:2      | Reached XP level 3. HP: 30/33 MP: 4/4
   883 | D:2      | HP: 6/33 [worm (12)]
  1489 | D:2      | Reached skill level 2 in Transmutations
  1699 | D:2      | HP: 7/33 [poisoned by an orc wizard]
  1702 | D:2      | HP: 2/33 [something (2)]
  1703 | D:2      | Gained mutation: Your body sometimes deteriorates upon taking damage. [potion of mutation]
  1703 | D:2      | Gained mutation: You are partially covered in yellow scales. (AC +2) [potion of mutation]
  1703 | D:2      | Gained mutation: Your system is resistant to poisons. (rPois) [potion of mutation]
  1703 | D:2      | Succumbed to an orc wizard's poison

Skill      XL: |  1  2  3 |
---------------+----------+-----
Fighting       | 1 |  1.5
Transmutations | 2 |  2.0
Dodging        | |  1.5
Unarmed Combat | |  3.5
Spellcasting   | |  1.6

Action                   || total
-------------------------++-------
Melee: Unarmed           ||   103
       Kick              ||     1
       Punch             ||     1
 Cast: Beastly Appendage ||     1
  Use: Potion            ||     2
  Eat: Chunk             ||    12
       Ration            ||     1
Armor: Robe              ||    30
Dodge: Dodged            ||    26

Vault maps used:
D:1:      shiori_arrival_whats_in_store_for_you, okawaru_ov_weapons_minmay
D:2:      first_ration, grunt_ministairs_4, kennysheep_another_room,
          minmay_split_cup_small

Table legend:
 A = Turns spent in this place as a percentage of turns spent in the entire game.
 B = Non-inter-level travel turns spent in this place as a percentage of non-inter-level travel turns spent in the entire game.
 C = Inter-level travel turns spent in this place as a percentage of turns spent in this place.
 D = Turns resting spent in this place as a percentage of non-inter-level travel turns spent in this place.
 E = Turns spent auto-exploring this place as a percentage of non-inter-level travel turns spent in this place.
 F = Non-inter-level travel turns spent in this place divided by the number of levels of this place that you've seen.
                   A       B       C       D       E      F
               +-------+-------+-------+-------+-------+----------------------
         Total | 100.0 | 100.0 |   2.5 |   0.0 |  83.6 | 553.3
       Dungeon | 100.0 | 100.0 |   2.5 |   0.0 |  83.6 | 553.3
               +-------+-------+-------+-------+-------+----------------------

Table legend:
 A = Kills in this place as a percentage of kills in entire the game.
 B = Kills by you in this place as a percentage of kills by you in the entire game.
 C = Kills by friends in this place as a percentage of kills by friends in the entire game.
 D = Other kills in this place as a percentage of other kills in the entire game.
 E = Experience gained in this place as a percentage of experience gained in the entire game.
 F = Experience gained in this place divided by the number of levels of this place that you have seen.
                   A       B       C       D       E      F
               +-------+-------+-------+-------+-------+----------------------
         Total | 100.0 | 100.0 |   N/A |   N/A | 100.0 |  30.7
       Dungeon | 100.0 | 100.0 |   N/A |   N/A | 100.0 |  30.7
               +-------+-------+-------+-------+-------+----------------------
